 Dungeon Crawl Stone Soup version 0.26.0-18-gc5c842f807 (webtiles) character file.

Game seed: 2339415328175167657

74 trckry the Vandal (level 4, -1/37 HPs)
             Began as a Ghoul Hunter on Jan 24, 2021.
             Slain by a goblin (3 damage)
             ... led by Robin
             ... on level 1 of the Dungeon.
             The game lasted 00:03:52 (1566 turns).

trckry the Vandal (Ghoul Hunter)                    Turns: 1566, Time: 00:03:53

Health: -1/37      AC:  3    Str: 16    XL:     4   Next: 28%
Magic:  3/3        EV: 12    Int:  6    God:
Gold:   87         SH:  0    Dex:  9    Spells: 3/3 levels left

rFire    . . .     SeeInvis .   a - +1 hunting sling
rCold    + . .     Faith    .   (no shield)
rNeg     + + +     Spirit   .   c - +0 leather armour
rPois    ∞         Reflect  .   (no helmet)
rElec    .         Harm     .   (no cloak)
rCorr    .         Rampage  .   (no gloves)
Will     .....                  (no boots)
Stlth    +.........             (no amulet)
HPRegen  0.00/turn              (no ring)
MPRegen  0.08/turn              (no ring)

@: no status effects
A: claws 1, cold resistance 1, negative energy resistance 3, inhibited
regeneration, torment resistance, unbreathing
a: no special abilities


You were on level 1 of the Dungeon.
You visited 1 branch of the dungeon, and saw 2 of its levels.

You collected 87 gold pieces.

Inventory:

Hand Weapons
 a - a +1 hunting sling (weapon)
 b - a +0 club
Missiles
 d - 17 sling bullets (quivered ammo)
 f - 3 stones
Armour
 c - a +0 leather armour (worn)
Jewellery
 k - a +4 ring of evasion {unknown}
Scrolls
 e - a scroll of remove curse {unknown}
 i - 3 scrolls of fog {unknown}
 j - a scroll of amnesia {unknown}
Potions
 g - a potion of curing {unknown}
 h - 2 potions of experience {unknown}


   Skills:
 + Level 2.7 Fighting
 * Level 1.0 Maces & Flails
 * Level 3.9 Slings
 + Level 0.8 Armour
 + Level 2.1 Dodging
 - Level 1.1 Stealth
 + Level 0.9 Shields
 + Level 1.2 Invocations
 + Level 0.8 Evocations


You had 3 spell levels left.
You didn't know any spells.
Your spell library was empty.

Dungeon Overview and Level Annotations

Branches:
Dungeon (2/15)

Altars:
Sif Muna

Annotations:
D:2 Robin


Innate Abilities, Weirdness & Mutations

You thrive by killing the living.
You are immune to poison.
You have sharp fingernails.
Your flesh is cold resistant. (rC+)
You are immune to negative energy. (rN+++)
You do not regenerate when monsters are visible.
You are immune to unholy pain and torment.
You can survive without breathing.


Message History

You barely miss the goblin.
The goblin is moderately wounded.
The goblin barely misses you.
You closely miss the goblin. The goblin hits you.
* * * LOW HITPOINT WARNING * * *
a - a +1 hunting sling (weapon)
The goblin closely misses you.
Fire: 19 sling bullets
Press: ? - help, Q - select action, (/) - cycle Shift-Dir - straight line, f - goblin
Aim: a goblin You shoot a sling bullet.
The sling bullet barely misses the goblin.
The goblin closely misses you.
Fire: 18 sling bullets
Press: ? - help, Q - select action, (/) - cycle Shift-Dir - straight line, f/p - goblin
Aim: a goblin You shoot a sling bullet.
The sling bullet closely misses the goblin.
The goblin hits you.
You die...

#.#....#..# #.........#....#.##.
#....#.#..## #.........######.##.
...#.#.....# #.........'......##.
...+.......###.........####......
...#.#####..####.####### #......
...#.........# #.# #..†...
.............# #.# ##'###.
...########..# #.# #.# #. ...#
##.# #@# #####.# #. #### #.###g#
###.....###. #### #..##g#
#........... ...# #..##.#
#........... )..##
#...#.#####........... ≈.≈≈#
#...........)......... ≈.≈≈♣##
###.#.##############..
≈.PP≈≈###### #.#.# #..
≈.≈≈≈≈.....# #...####### #..


You could see 2 goblins.

Vanquished Creatures
  2 adders (D:2)
  2 oozes (D:1)
  A dart slug (D:2)
  A leopard gecko (D:2)
  A bat (D:1)
  3 giant cockroaches
  6 goblins
  8 hobgoblins
  2 jackals (D:2)
  2 ball pythons
  2 frilled lizards
  7 kobolds
  4 rats
41 creatures vanquished.

Notes
Turn   | Place    | Note
-------+----------+-------------------------------------------
     0 | D:1      | trckry the Ghoul Hunter began the quest for the Orb.
     0 | D:1      | Reached XP level 1. HP: 17/17 MP: 0/0
   323 | D:1      | Reached XP level 2. HP: 24/24 MP: 1/1
   740 | D:1      | Reached XP level 3. HP: 30/30 MP: 2/2
  1184 | D:2      | HP: 3/30 [adder (3)]
  1259 | D:2      | Found a shimmering blue altar of Sif Muna.
  1315 | D:2      | Reached skill level 1 in Invocations
  1397 | D:2      | Reached XP level 4. HP: 37/37 MP: 3/3
  1421 | D:2      | Reached skill level 1 in Maces & Flails
  1502 | D:2      | Noticed Robin
  1557 | D:1      | HP: 2/37 [goblin[Robin] (2)]
  1566 | D:1      | Slain by a goblin

Illustrated notes

Levels and vault maps discovered:
D:1:      dpeg_arrival_shelter, layout_basic, serial_bayou_lagoon_b
D:2:      layout_loops_ring, led_sif_pool, chequers_arboretum, uniq_robin

Skill      XL: |  1  2  3  4 |
---------------+-------------+-----
Dodging        | 2 |  2.1
Invocations    | 1 |  1.2
Maces & Flails | 1 |  1.0
Fighting       | |  2.7
Slings         | |  3.9
Armour         | |  0.8
Stealth        | |  1.1
Shields        | |  0.9
Evocations     | |  0.8

Action                   |  1- 3 |  4- 6 || total
-------------------------+-------+-------++-------
Melee: Short sword       |    16 |       ||    16
       Club              |    76 |    15 ||    91
 Fire: Hunting sling     |    16 |    38 ||    54
  Use: Potion            |     2 |       ||     2
Armor: Leather armour    |    18 |    13 ||    31
Dodge: Dodged            |    68 |    35 ||   103
